 Dungeon Crawl Stone Soup version 0.18.1-6-gd335043 (webtiles) character file.

116 Goblin1989 the Chopper (level 4, -3/33 HPs)
             Began as a Demonspawn Gladiator on May 16, 2016.
             Slain by a gnoll
             ... wielding a +0 spear
              (7 damage)
             ... on level 3 of the Dungeon.
             The game lasted 00:04:10 (2841 turns).

Goblin1989 the Chopper (Demonspawn Gladiator)       Turns: 2841, Time: 00:04:10

Health: -3/33      AC:  3    Str: 17    XL:     4   Next: 70%
Magic:  4/4        EV: 12    Int:  9    God:
Gold:   113        SH:  0    Dex: 13    Spells: 0 memorised, 3 levels left

rFire  . . .     SeeInvis .     a - +0 war axe
rCold  . . .     Gourm    .     b - +0 leather armour
rNeg   . . .     Faith    .     (no shield)
rPois  .         Spirit   .     (helmet restricted)
rElec  .         Dismiss  .     (no cloak)
rCorr  .         Reflect  .     (no gloves)
SustAt .         Harm     .     (no boots)
MR     .....                    (no amulet)
Stlth  +.........               (no ring)
                                (no ring)

@: not resistant to hostile enchantments, very unstealthy
A: antennae 2
a: no special abilities


You were on level 3 of the Dungeon.
You were not hungry.

You visited 1 branch of the dungeon, and saw 3 of its levels.

You collected 113 gold pieces.

Inventory:

Hand Weapons
 a - a +0 war axe (weapon)
Missiles
 d - 3 throwing nets {=f, !d}
Armour
 b - a +0 leather armour (worn)
 c - a +0 helmet
Scrolls
 e - a scroll of enchant weapon {unknown}
 g - 3 scrolls of recharging {unknown}
 h - 3 scrolls of noise {unknown}
 j - 2 scrolls of identify {unknown}
 l - a scroll of random uselessness {unknown}
 m - 4 scrolls of teleportation {unknown}
 s - 2 scrolls of immolation {unknown}
Potions
 k - a potion of haste {unknown}
 n - 2 potions of curing {unknown}
 p - 2 potions of degeneration {unknown}
 r - a potion of heal wounds {unknown}
Comestibles
 f - 3 bread rations
 i - a beef jerky
 o - 3 fruits
 q - a slice of pizza
 t - a chunk of flesh


   Skills:
 - Level 2.0 Fighting
 * Level 5.0 Axes
 - Level 1.7 Throwing
 - Level 2.6 Dodging


You had 3 spell levels left.
You didn't know any spells.

Dungeon Overview and Level Annotations

Branches:
Dungeon (3/15)

Altars:
Yredelemnul
Zin


Innate Abilities, Weirdness & Mutations

You have a pair of antennae on your head.


Message History

You are too injured to fight recklessly!
You are too injured to fight recklessly!
You are too injured to fight recklessly!
You are too injured to fight recklessly!
You are too injured to fight recklessly!
You are too injured to fight recklessly!
You are too injured to fight recklessly!
You are too injured to fight recklessly!
You are too injured to fight recklessly!
You are too injured to fight recklessly!
You are too injured to fight recklessly!
You are too injured to fight recklessly!
You are too injured to fight recklessly!
You are too injured to fight recklessly!
You are too injured to fight recklessly!
You are too injured to fight recklessly!
You barely miss the gnoll. The gnoll hits you with a spear.
You take 2 damage, and have 4/33 hp.
You closely miss the gnoll. The gnoll hits you with a spear!
You die...

#........# #........#
#........#
######........#
#.............# #
#.............# #
#####..........#.## .
....'..........#)# #
.####..........#@# #
.#
#######.#.#..g......
.# #.#.##########
###### .# #.#..
...... .# #รท###
#######+###
.##########.#
#..........
..........#.########.
#..........
#######.............>
...........
#......########
#..........


You could see a gnoll.

Vanquished Creatures
  2 gnolls (D:3)
  2 adders
  An ooze (D:1)
  3 dart slugs (D:1)
  2 giant geckos (D:3)
  An orc (D:3)
  3 giant cockroaches
  11 goblins
  7 hobgoblins
  3 jackals (D:3)
  2 quokkas
  2 ball pythons
  6 bats
  3 giant newts
  A goblin zombie (D:2)
  8 kobolds
  10 rats
67 creatures vanquished.

Vanquished Creatures (others)
  A kobold (D:2)
1 creature vanquished.

Grand Total: 68 creatures vanquished

Notes
Turn   | Place    | Note
--------------------------------------------------------------
     0 | D:1      | Goblin1989 the Demonspawn Gladiator began the quest for the Orb.
     0 | D:1      | Reached XP level 1. HP: 16/16 MP: 1/1
    69 | D:1      | Reached skill level 3 in Axes
   306 | D:1      | Gained mutation: You have a pair of small antennae on your head. [demonic ancestry]
   306 | D:1      | Reached XP level 2. HP: 20/22 MP: 2/2
   632 | D:1      | Gained mutation: You have a pair of antennae on your head. [demonic ancestry]
   632 | D:1      | Reached XP level 3. HP: 16/27 MP: 3/3
  1188 | D:2      | Reached skill level 4 in Axes
  1237 | D:2      | Found a runed door.
  1237 | D:2      | Noticed a human
  1239 | D:2      | Found a basalt altar of Yredelemnul.
  1514 | D:2      | Found a glowing silver altar of Zin.
  2025 | D:3      | Reached XP level 4. HP: 33/33 MP: 4/4
  2830 | D:3      | Reached skill level 5 in Axes
  2841 | D:3      | Slain by a gnoll

Skill      XL: |  1  2  3  4 |
---------------+-------------+-----
Axes           | 3 4 5 |  5.0
Fighting       | |  2.0
Throwing       | |  1.7
Dodging        | |  2.6

Action                   |  1- 3 |  4- 6 || total
-------------------------+-------+-------++-------
Melee: War axe           |   141 |    62 ||   203
  Eat: Chunk             |     4 |     2 ||     6
Armor: Leather armour    |    34 |    13 ||    47
Dodge: Dodged            |   115 |    55 ||   170
